AoeStats
← nanakusa

African Clearing

506935047Analyzed
4v4 RM · 17d ago on Sep 15, 2026· 25m 37s· 8 players
Game mode
Random Map
Map size
Large (8 player)
Population
200
Speed
Normal
Resources
Standard
Victory
Conquest
Starting age
Dark Age
Ending age
Imperial Age
RankedLock teamsTeams togetherTeam positionsShared explorationLock speedFull tech treeHidden civsTurbo modeCheats
Victory
Defeat
🇺🇸 Wu · United States
1703
+12
🇨🇱 Franks · Chile
1626
+15
🇺🇸 Celts · United States
1619
+15
🇺🇸 Khmer · United States
1499
+19
🇨🇳 Dravidians · China
1664
-18
🇨🇳 Mapuche · China
1615
-16
🇨🇳 Lithuanians · China
1556
-14
🇯🇵 Chinese · Japan
1541
-13
Thundernips, The Ultimate Gigolo
10:47 Feudal Age
11:24 Feudal Age
12:23 Loom
12:55 Town Watch
15:39 Castle Age
17:28 Husbandry
21:41 Scale Barding Armor
24:17 Chain Barding Armor
HR Fast_PIG
8:04 Loom
19:58 Feudal Age
27:54 Castle Age
JonnyTheMonkey
10:57 Loom
13:16 Feudal Age
15:01 Double-Bit Axe
17:29 Castle Age
16:59 Horse Collar
17:10 Gold Mining
17:12 Stone Mining
18:05 Scale Mail Armor
18:15 Forging
18:54 Squires
18:53 Arson
19:32 Bow Saw
24:13 Chain Mail Armor
23:51 Town Watch
24:41 Wheelbarrow
26:26 Iron Casting
JadeArrowGamer
9:15 Loom
11:39 Feudal Age
11:42 Man-at-Arms
13:28 Arson
16:18 Fletching
17:50 Town Watch
17:52 Loom
17:53 Town Watch
21:25 Castle Age
19:49 Double-Bit Axe
22:02 Bodkin Arrow
21:42 Crossbowman
nanakusa
2:46 Loom
23:02 Feudal Age
23:31 Horse Collar
ty
9:36 Loom
12:55 Feudal Age
13:30 Double-Bit Axe
19:44 Wheelbarrow
19:32 Scale Barding Armor
22:46 Castle Age
21:19 Scale Barding Armor
22:27 Fletching
22:48 Fishing Lines
Bz_青红
9:18 Loom
11:54 Feudal Age
14:30 Double-Bit Axe
19:00 Fletching
超级硬邦邦
4:29 Loom
14:20 Feudal Age
18:13 Castle Age
17:07 Double-Bit Axe
17:23 Fletching
18:07 Horse Collar
23:11 Bow Saw
24:26 Bodkin Arrow
24:32 Padded Archer Armor
Connection lost

Rejoining the realm…

Still unreachable

The connection could not be restored.

Session expired

The server has moved on; the page needs a fresh start.